Map: Garden of Shadows

Players

SatanKitty

  • Race: Terran Terran
  • League: Gold

Darkmarine

  • Race: Zerg Zerg
  • League: Gold

FREELE

  • Race: Protoss Protoss

fakawat

  • Race: Terran Terran

Jack - Winner!

  • Race: Terran Terran

Zamazi - Winner!

  • Race: Protoss Protoss

Tekile - Winner!

  • Race: Zerg Zerg

Windex - Winner!

  • Race: Zerg Zerg

VOD

Have the link to the VOD?

Description

Time

  • Played on: Oct. 1, 2016, 11:17 p.m.
  • Length: 19:33
Show
View Real Time Build Order
Export as new Build Order

SatanKitty Terran 

Build Orders: Command Center First (CC) 

Get SALT Encoding   

  12  0:02  SCV  
  13  0:14  SCV  
  14  0:37  Supply Depot  
  15  0:42  SCV  
  15  1:09  Command Center  
  15  1:10  Barracks  
  15  1:12  SCV  
  16  1:24  SCV  
  17  1:36  SCV  
  18  1:48  SCV  
  19  1:56  Engineering Bay  
  19  1:57  Refinery  
  19  1:58  Refinery  
  19  2:00  SCV, Marine  
  21  2:06  Supply Depot  
  21  2:12  SCV  
  22  2:24  SCV  
  23  2:37  SCV, Marine  
  25  2:50  Planetary Fortress  
  25  2:56  SCV  
  26  3:01  Missile Turret  
  26  3:07  Missile Turret  
  26  3:08  SCV  
  26  3:10  Missile Turret  
  27  3:20  Planetary Fortress  
  27  3:23  Marine  
  26  3:36  Hi-Sec Auto Tracking  
  24  3:51  Marine  
  23  4:08  SCV  
  23  4:09  Marine  
  24  4:17  SCV  
  24  4:20  SCV  
  24  4:22  Factory  
  22  4:45  SCV  
  23  4:51  SCV  
  24  4:55  Missile Turret  
  24  4:57  SCV  
  24  4:58  Missile Turret  
  25  5:03  SCV  
  26  5:09  SCV  
  27  5:17  Factory Tech Lab  
  27  5:22  SCV  
  28  5:28  Starport  
  28  5:35  SCV  
  29  5:36  Siege Tank  
  32  5:47  SCV  
  33  5:53  Missile Turret  
  33  5:59  SCV  
  34  6:10  SCV  
  34  6:11  SCV  
  36  6:22  SCV  
  36  6:25  Starport Tech Lab  
  37  6:29  Supply Depot  
  37  6:34  Supply Depot  
  37  6:39  Supply Depot  
  37  6:40  SCV  
  37  6:42  Armory  
  37  6:45  Refinery  
  38  6:48  Refinery  
  38  6:50  SCV  
  38  6:53  SCV, Siege Tank  
  43  6:55  Fusion Core  
  43  6:56  Raven  
  45  7:02  SCV  
  45  7:05  SCV  
  47  7:14  SCV  
  48  7:17  SCV  
  48  7:22  Starport  
  49  7:34  Thor  
  55  7:38  SCV x2  
  57  7:48  Supply Depot, Terran Vehicle And Ship Armor Level 1  
  57  8:00  Starport Tech Lab  
  57  8:01  Supply Depot  
  57  8:02  Supply Depot  
  57  8:03  Supply Depot  
  57  8:06  SCV  
  57  8:09  SCV  
  57  8:10  Battlecruiser  
  65  8:19  Supply Depot  
  65  8:23  Armory  
  65  8:43  Weapon Refit, Starport  
  65  8:45  Battlecruiser  
  70  9:43  Battlecruiser  
  76  9:50  Terran Ship Weapons Level 1  
  76  9:51  Starport Tech Lab  
  76  9:54  Battlecruiser  
  76  9:58  Command Center  
  82  10:05  Command Center  
  82  10:13  Battlecruiser  
  88  10:15  Terran Vehicle And Ship Armor Level 2  
  88  10:36  Siege Tank  
  88  10:42  Missile Turret  
  91  10:45  Missile Turret, Refinery x2  
  91  10:50  Battlecruiser  
  97  11:18  Missile Turret, SCV, Planetary Fortress  
  99  11:20  SCV  
  99  11:27  Battlecruiser  
  105  11:33  Behemoth Reactor  
  72  12:17  Battlecruiser x2  
  84  12:36  Battlecruiser  
  90  12:45  SCV x2  
  90  12:46  Planetary Fortress  
  92  12:54  Command Center  
  92  12:57  SCV x2  
  94  13:21  Battlecruiser, Terran Ship Weapons Level 2  
  100  13:49  Battlecruiser  
  98  14:18  Battlecruiser  
  104  14:27  SCV x2, Refinery  
  104  14:28  Refinery, SCV  
  107  14:40  Missile Turret  
  107  14:41  Missile Turret  
  107  15:00  Battlecruiser  
  107  15:02  Missile Turret  
  107  15:03  Missile Turret  
  113  15:07  Terran Vehicle And Ship Armor Level 3  
  113  15:23  Missile Turret  
  113  15:24  Command Center  
  113  15:27  Battlecruiser  
  119  15:29  Command Center  
  119  15:48  Battlecruiser  
  107  16:31  Battlecruiser  
  112  16:51  Raven  
  114  17:06  Planetary Fortress  
  114  17:09  Refinery  
  114  17:20  Battlecruiser  
  120  17:23  Planetary Fortress  
  119  17:40  Raven  
  121  18:01  Battlecruiser  
Show
View Real Time Build Order
Export as new Build Order

Darkmarine Zerg 

Build Orders: Hatch First 

Get SALT Encoding   

  12  0:10  Drone x2  
  14  0:17  Overlord  
  14  0:45  Drone  
  14  0:49  Drone  
  16  0:52  Hatchery  
  16  0:53  Drone  
  16  1:02  Drone  
  17  1:14  Spawning Pool  
  17  1:18  Extractor  
  15  1:19  Drone  
  15  1:21  Drone  
  17  1:30  Drone  
  18  1:43  Drone  
  19  1:51  Drone  
  19  1:52  Extractor  
  19  2:01  Overlord  
  19  2:06  Drone  
  19  2:07  Queen  
  22  2:08  Queen  
  24  2:17  Drone  
  24  2:20  Drone  
  26  2:23  Drone  
  26  2:27  Drone  
  28  2:33  Drone  
  29  2:38  Drone  
  30  2:49  Drone x2  
  32  2:54  Lair  
  32  3:02  Extractor  
  32  3:03  Extractor  
  32  3:04  Drone x2  
  32  3:08  Drone  
  32  3:10  Drone  
  34  3:16  Overlord  
  34  3:18  Drone x2  
  36  3:25  Overlord x2  
  36  3:37  Drone x4  
  40  3:56  Spine Crawler  
  40  3:58  Spine Crawler  
  40  4:00  Spine Crawler x2  
  40  4:01  Spine Crawler  
  35  4:18  Spire  
  34  4:31  Drone x4  
  34  4:32  Drone x5  
  43  4:54  Drone x3  
  43  4:55  Overlord x2  
  46  5:33  Mutalisk  
  46  5:34  Mutalisk x10  
  68  6:03  Overlord x4  
  68  6:18  Drone x3  
  71  6:24  Mutalisk, Zerg Flyer Armor Level 1  
  71  6:25  Mutalisk x5  
  73  6:32  Overseer x2  
  82  7:00  Mutalisk  
  84  7:01  Mutalisk x5  
  94  7:30  Mutalisk x5  
  104  7:38  Hatchery  
  97  8:30  Mutalisk x5  
  97  8:31  Mutalisk  
  105  8:57  Overlord x3  
  105  8:58  Overlord  
  105  9:15  Queen  
  107  9:24  Mutalisk  
  107  9:25  Mutalisk  
  107  9:26  Mutalisk x6  
  123  9:41  Mutalisk  
  123  9:42  Mutalisk  
  127  9:50  Drone x3  
  130  9:54  Overlord  
  130  9:55  Overlord x6  
  130  10:00  Zerg Flyer Weapons Level 1  
  130  10:05  Spire  
  129  10:16  Overseer  
  129  10:19  Pneumatized Carapace  
  129  10:21  Overseer  
  129  10:23  Overlord x2  
  129  10:24  Overlord  
  129  10:58  Drone x5  
  134  11:08  Extractor  
  133  11:13  Extractor  
  132  11:32  Mutalisk x8  
  132  11:33  Mutalisk  
  148  11:55  Zerg Flyer Armor Level 2  
  148  11:57  Zerg Flyer Weapons Level 2  
  148  13:08  Mutalisk  
  148  13:09  Mutalisk x9  
  168  13:15  Infestation Pit  
  167  13:47  Mutalisk x7  
  145  14:40  Mutalisk  
  145  14:41  Mutalisk x8  
  163  14:49  Lair  
  159  15:53  Hatchery  
  159  15:54  Corruptor x5  
  159  15:55  Corruptor x4  
  112  17:15  Hive  
  112  17:47  Hatchery  
Show
View Real Time Build Order
Export as new Build Order

FREELE Protoss 

Build Orders: Blink Stalkers 

Get SALT Encoding   

  12  0:01  Probe (Chrono Boost)  
  13  0:11  Probe (Chrono Boost)  
  14  0:21  Pylon  
  14  0:23  Probe (Chrono Boost)  
  15  0:39  Probe (Chrono Boost)  
  16  0:43  Forge  
  17  0:50  Probe (Chrono Boost)  
  17  0:59  Gateway  
  17  1:01  Probe (Chrono Boost)  
  18  1:12  Probe (Chrono Boost)  
  19  1:22  Photon Cannon  
  19  1:25  Probe (Chrono Boost)  
  20  1:29  Pylon  
  20  1:33  Assimilator  
  20  1:35  Probe (Chrono Boost)  
  20  1:37  Assimilator  
  21  1:46  Probe (Chrono Boost)  
  22  1:54  Photon Cannon  
  22  1:59  Probe (Chrono Boost), Cybernetics Core  
  23  2:10  Probe (Chrono Boost)  
  24  2:20  Probe (Chrono Boost)  
  25  2:24  Gateway  
  25  2:26  Warp Gate  
  25  2:32  Probe (Chrono Boost)  
  27  2:44  Probe (Chrono Boost), Stalker  
  27  2:51  Gateway  
  29  2:58  Mothership Core (Chrono Boost)  
  31  3:06  Twilight Council  
  31  3:12  Gateway  
  31  3:15  Gateway  
  31  3:34  Blink  
  31  3:47  Pylon  
  31  4:05  Stalker  
  31  4:07  Probe (Chrono Boost)  
  30  5:01  Probe (Chrono Boost)  
  27  5:07  Zealot  
  27  5:08  Zealot  
  21  5:27  Zealot  
  21  5:28  Zealot x2  
Show
View Real Time Build Order
Export as new Build Order

fakawat Terran 

Build Orders:  

Get SALT Encoding   

  12  0:01  SCV  
  13  0:16  Supply Depot  
  13  0:19  SCV  
  14  0:31  Supply Depot  
  14  0:32  SCV  
  15  0:46  Barracks  
  15  0:50  SCV  
  16  1:03  Barracks  
  16  1:06  SCV  
  17  1:14  Refinery  
  17  1:30  SCV  
  18  1:43  Orbital Command  
  18  1:55  Marine  
  18  1:56  Marine  
  20  2:01  Refinery  
  20  2:17  Command Center  
  20  2:19  SCV  
  20  2:22  Marine  
  22  2:24  Marine  
  23  2:36  Engineering Bay  
  23  2:38  SCV  
  24  2:47  Factory  
  24  2:50  SCV, Marine  
  26  2:52  Marine  
  27  3:04  Missile Turret  
  27  3:07  SCV  
  28  3:16  Factory  
  28  3:26  SCV  
  29  3:34  Widow Mine  
  31  3:44  SCV  
  31  3:45  Marine x2  
  34  3:55  Armory, Orbital Command  
  34  4:03  Factory Tech Lab, Widow Mine  
  36  4:10  SCV  
  37  4:21  Widow Mine  
  39  4:25  SCV  
  39  4:26  Marine x2  
  39  4:28  SCV  
  39  4:31  Refinery  
  43  4:40  SCV  
  43  4:41  Factory Reactor  
  43  4:44  Marine  
  45  4:47  SCV  
  46  4:56  Missile Turret  
  46  5:03  Supply Depot  
  46  5:04  Supply Depot  
  46  5:18  Factory  
  46  5:24  Thor, Widow Mine  
  46  5:25  Widow Mine  
  46  5:26  SCV x2  
  46  5:27  Supply Depot  
  58  5:29  Supply Depot  
  58  5:38  SCV x2  
  60  5:50  SCV  
  60  5:54  SCV  
  62  6:02  SCV  
  63  6:05  Refinery  
  63  6:06  Factory Tech Lab  
  63  6:07  Thor, Widow Mine x2  
  73  6:11  Supply Depot  
  73  6:14  SCV  
  73  6:17  Factory  
  74  6:19  Terran Vehicle Weapons Level 1  
  74  6:22  SCV  
  74  6:23  Armory  
  75  6:26  Supply Depot x2, SCV  
  72  6:34  SCV  
  72  6:38  SCV  
  64  6:46  SCV  
  49  6:50  SCV  
  49  6:52  Widow Mine  
  49  6:53  Widow Mine  
  35  7:02  SCV  
  33  7:14  Factory Tech Lab  
  26  9:16  SCV  
  27  9:20  SCV  
  28  9:28  SCV  
  29  9:32  SCV  
  30  9:41  SCV  
  30  9:44  SCV  
  32  9:53  SCV  
  32  9:56  SCV  
  34  10:05  SCV  
  35  10:28  SCV  
  36  10:30  SCV  
  37  10:40  SCV  
  37  10:42  SCV  
  39  10:54  SCV  
  40  11:06  SCV  
  41  12:34  SCV  
  42  12:39  Siege Tank x2  
  42  12:40  Siege Tank  
  51  12:46  SCV  
  53  12:58  SCV  
  53  13:10  SCV  
  33  17:02  Siege Tank  
  33  17:03  Siege Tank x2  
Show
View Real Time Build Order
Export as new Build Order

Jack Terran - Winner!

Build Orders:  

Get SALT Encoding   

  12  0:12  SCV  
  13  0:25  SCV  
  14  0:34  Supply Depot  
  14  0:40  Refinery  
  14  0:44  Refinery  
  14  0:58  Barracks  
  14  1:15  Barracks, SCV  
  15  1:27  SCV  
  16  1:39  SCV  
  17  1:48  Reaper  
  17  1:51  SCV  
  19  2:07  Barracks  
  19  2:13  Barracks Reactor  
  19  2:20  Reaper, SCV  
  21  2:50  Reaper x2  
  23  2:59  Supply Depot  
  23  3:04  Supply Depot  
  23  3:08  Barracks Reactor  
  23  3:12  Orbital Command  
  23  3:15  Factory  
  23  3:20  Reaper  
  21  4:48  Reaper  
  21  4:49  Reaper x4  
  25  4:53  Factory Reactor  
  25  5:04  Supply Depot x2  
  25  5:08  SCV  
  25  5:11  Command Center  
  26  5:20  Reaper, SCV  
  26  5:21  Reaper x4  
  32  5:33  SCV  
  33  5:37  Widow Mine  
  35  5:45  SCV  
  36  5:52  Widow Mine  
  36  5:53  Reaper x3  
  41  5:58  Factory  
  41  6:06  Widow Mine  
  43  6:20  Widow Mine  
  41  6:34  Widow Mine  
  38  6:49  Widow Mine  
  38  7:45  Factory Tech Lab  
  38  7:50  Factory, Widow Mine  
  38  7:51  Widow Mine  
  42  8:02  Marine  
  42  8:03  Marine x4  
  47  8:15  SCV  
  47  8:19  Widow Mine x2  
  50  8:20  Marine  
  50  8:21  Marine x4  
  57  8:27  SCV  
  57  8:29  Siege Tank  
  61  8:35  Factory Reactor  
  61  8:38  Marine  
  61  8:39  SCV, Marine x4  
  67  8:47  Widow Mine  
  67  8:48  Widow Mine  
  69  8:52  SCV  
  72  8:56  Marine x5  
  72  9:01  Siege Tank  
  78  9:04  SCV  
  79  9:14  Marine  
  79  9:32  SCV  
  80  9:40  Siege Tank  
  80  9:42  Widow Mine  
  80  9:44  SCV  
  86  9:54  Supply Depot  
  86  10:03  Engineering Bay  
  86  10:07  Widow Mine x3  
  86  10:09  Orbital Command  
  86  10:11  Supply Depot, Widow Mine  
  94  10:16  Siege Tank  
  94  10:17  Supply Depot  
  97  10:34  Supply Depot  
  97  10:35  Widow Mine x2  
  97  10:40  Supply Depot  
  101  10:44  Marine x5  
  101  10:47  Widow Mine x3  
  112  11:02  Marine x5  
  117  11:04  Widow Mine x2  
  121  11:15  Widow Mine  
  121  11:16  Widow Mine x2  
  127  11:19  Marine  
  127  11:23  Terran Infantry Weapons Level 1  
  128  11:32  Widow Mine x2  
  114  11:44  Widow Mine x3  
  80  12:20  Widow Mine  
  80  12:21  Widow Mine x4  
  81  12:37  Factory  
  81  12:49  Widow Mine x3  
  81  12:50  Widow Mine x2  
  91  12:56  Barracks Reactor  
  91  12:59  Barracks Reactor  
  91  13:11  Missile Turret  
  91  13:17  Terran Infantry Armor Level 1, Widow Mine  
  91  13:18  Refinery, Widow Mine x4  
  101  13:32  Missile Turret  
  101  13:46  Widow Mine  
  101  13:47  Widow Mine x4  
  92  14:56  Widow Mine  
  92  14:57  Widow Mine x6  
  94  15:25  Widow Mine x5  
  94  15:26  Widow Mine x2  
  94  15:27  Refinery  
  108  15:53  Widow Mine  
  62  16:57  Widow Mine  
  62  16:58  Widow Mine x6  
  76  17:26  Widow Mine x4  
  82  17:54  Widow Mine x4  
  82  17:55  Widow Mine x3  
  96  18:00  Marine  
  96  18:01  Command Center, Marine x5  
  92  18:18  Marine x3  
  92  18:19  Marine x3  
  84  18:22  Widow Mine  
  84  18:23  Widow Mine x2  
  90  18:28  Widow Mine x4  
  90  18:36  Marine x6  
  96  18:51  Widow Mine  
  96  18:54  Marine x3  
Show
View Real Time Build Order
Export as new Build Order

Zamazi Protoss - Winner!

Build Orders:  

Get SALT Encoding   

  12  0:02  Probe (Chrono Boost)  
  13  0:12  Probe (Chrono Boost)  
  14  0:20  Pylon  
  14  0:24  Probe (Chrono Boost)  
  15  0:38  Probe (Chrono Boost)  
  16  0:43  Gateway  
  16  0:49  Probe (Chrono Boost), Assimilator  
  17  0:59  Probe (Chrono Boost)  
  18  1:10  Probe (Chrono Boost)  
  19  1:17  Pylon  
  19  1:20  Probe (Chrono Boost)  
  20  1:38  Probe (Chrono Boost)  
  21  1:40  Cybernetics Core  
  21  1:49  Zealot  
  21  1:52  Pylon  
  23  1:59  Gateway  
  23  2:07  Probe (Chrono Boost)  
  24  2:23  Mothership Core (Chrono Boost)  
  24  2:24  Zealot  
  28  2:42  Probe (Chrono Boost)  
  29  2:51  Adept x2  
  31  2:57  Assimilator  
  33  3:00  Nexus  
  33  3:18  Probe (Chrono Boost)  
  34  3:22  Adept  
  34  3:23  Adept  
  37  3:34  Probe (Chrono Boost)  
  37  3:40  Pylon  
  38  3:43  Pylon  
  38  3:50  Warp Gate  
  38  3:56  Pylon  
  38  3:58  Adept x2  
  42  4:28  Probe (Chrono Boost)  
  44  4:31  Probe (Chrono Boost)  
  44  4:34  Assimilator  
  44  4:37  Forge  
  44  4:38  Probe (Chrono Boost), Assimilator  
  45  4:42  Probe (Chrono Boost)  
  46  4:49  Probe (Chrono Boost)  
  46  4:52  Probe (Chrono Boost)  
  48  4:59  Probe (Chrono Boost)  
  49  5:03  Probe (Chrono Boost)  
  50  5:12  Probe (Chrono Boost)  
  50  5:13  Probe (Chrono Boost)  
  52  5:20  Photon Cannon  
  52  5:21  Protoss Ground Weapons Level 1  
  52  5:23  Photon Cannon, Probe (Chrono Boost)  
  52  5:24  Probe (Chrono Boost)  
  54  5:30  Twilight Council  
  54  5:33  Probe (Chrono Boost)  
  54  5:34  Probe (Chrono Boost)  
  56  5:36  Pylon  
  56  5:39  Adept  
  56  5:41  Adept, Pylon  
  60  5:44  Probe (Chrono Boost), Pylon  
  60  5:45  Probe (Chrono Boost)  
  62  6:20  Resonating Glaives  
  62  6:28  Gateway x2  
  62  6:32  Gateway x2  
  62  6:33  Gateway  
  62  6:48  Photon Cannon x2  
  62  6:55  Photon Cannon x2  
  52  7:03  Gateway  
  42  7:17  Pylon  
  42  7:30  Mothership Core (Chrono Boost)  
  42  7:35  Photon Cannon  
  42  7:38  Photon Cannon  
  42  7:41  Photon Cannon x2, Probe (Chrono Boost)  
  43  7:45  Stalker  
  43  7:46  Stalker x6  
  43  7:50  Probe (Chrono Boost)  
  58  7:53  Probe (Chrono Boost)  
  59  8:02  Probe (Chrono Boost)  
  61  8:05  Probe (Chrono Boost)  
  61  8:23  Stalker x3  
  61  8:24  Stalker x3  
  67  8:41  Blink  
  67  8:44  Mothership Core (Chrono Boost)  
  65  8:49  Pylon  
  65  8:50  Pylon  
  65  8:53  Stalker x2  
  65  8:54  Stalker x2  
  65  8:55  Stalker  
  75  9:02  Probe (Chrono Boost)  
  75  9:04  Probe (Chrono Boost)  
  75  9:08  Protoss Ground Weapons Level 2  
  75  9:10  Photon Cannon  
  75  9:13  Pylon  
  75  9:15  Probe (Chrono Boost), Assimilator  
  71  9:39  Stalker x2  
  71  9:41  Stalker  
  77  10:06  Nexus  
  77  10:16  Robotics Facility  
  77  10:25  Pylon  
  77  10:27  Pylon  
  77  10:36  Stalker x2  
  77  10:37  Stalker  
  83  10:57  Forge  
  83  11:35  Stalker x5, Pylon  
  83  11:36  Stalker x3  
  99  11:50  Pylon  
  99  11:56  Probe (Chrono Boost)  
  99  11:58  Probe x2 (Chrono Boost)  
  102  12:07  Probe (Chrono Boost)  
  102  12:08  Nexus  
  103  12:10  Probe x2 (Chrono Boost)  
  103  12:15  Observer  
  106  12:36  Observer  
  107  12:46  Probe (Chrono Boost), Templar Archives  
  107  12:47  Probe x2 (Chrono Boost), Protoss Ground Weapons Level 3  
  110  12:53  Assimilator  
  110  12:56  Probe (Chrono Boost)  
  110  12:58  Observer, Assimilator  
  114  12:59  Probe x2 (Chrono Boost)  
  114  13:03  Assimilator  
  114  13:06  Protoss Ground Armor Level 1  
  114  13:07  Probe (Chrono Boost)  
  114  13:08  Assimilator  
  114  13:11  Probe x2 (Chrono Boost)  
  117  13:17  Probe (Chrono Boost)  
  117  13:19  Observer  
  119  13:28  Stalker x2  
  119  13:29  Stalker x6  
  119  13:33  Probe (Chrono Boost)  
  138  13:35  Probe x2 (Chrono Boost)  
  138  13:41  Observer  
  95  14:12  Stalker  
  95  14:13  Stalker x6  
  95  14:14  Stalker  
  66  14:47  Stalker x4  
  66  14:48  Stalker x4  
  81  15:18  High Templar  
  81  15:19  High Templar x3  
  81  15:20  High Templar  
  81  15:21  High Templar x2  
  93  15:27  Archon  
  95  15:29  Archon x2  
  97  15:43  Probe (Chrono Boost)  
  97  15:44  Probe x2 (Chrono Boost)  
  97  15:48  Psionic Storm  
  98  15:53  Probe (Chrono Boost)  
  98  15:56  Probe x2 (Chrono Boost)  
  101  16:10  High Templar  
  103  16:12  Zealot x6  
  103  16:13  Zealot  
  117  16:53  Stalker x6  
  117  16:54  Stalker x2  
  133  17:16  Probe (Chrono Boost)  
  133  17:18  Probe x2 (Chrono Boost)  
  137  17:30  Probe (Chrono Boost)  
  137  17:33  Stalker x3  
  137  17:34  Stalker x4  
  137  17:35  Stalker  
  153  17:50  Charge  
  153  18:11  Stalker  
  155  18:23  Pylon x2  
  155  18:24  Pylon  
  155  18:25  Pylon  
  155  18:27  Pylon  
  123  19:13  Stalker  
  123  19:14  Stalker x5  
  123  19:15  Stalker x2  
Show
View Real Time Build Order
Export as new Build Order

Tekile Zerg - Winner!

Build Orders: Hatch First, Muta Ling Bane 

Get SALT Encoding   

  12  0:04  Drone  
  13  0:11  Drone  
  14  0:34  Overlord  
  14  0:45  Hatchery  
  14  0:48  Drone  
  14  1:04  Spawning Pool  
  14  1:08  Drone  
  14  1:10  Extractor  
  13  1:13  Drone  
  13  1:17  Drone  
  15  1:21  Drone  
  16  1:34  Drone  
  17  1:41  Drone  
  18  1:54  Zergling x2  
  18  1:55  Queen  
  18  1:57  Zergling x2  
  22  2:05  Zergling x2  
  23  2:13  Metabolic Boost  
  23  2:14  Zergling x4  
  25  2:21  Overlord  
  25  2:24  Zergling x2  
  26  2:38  Baneling Nest  
  26  2:42  Zergling x6  
  28  2:48  Zergling x2  
  29  2:57  Drone  
  30  3:00  Drone  
  31  3:06  Drone  
  31  3:10  Drone x3  
  35  3:22  Overlord  
  35  3:28  Drone  
  35  3:33  Overlord  
  36  3:40  Queen  
  39  3:55  Zergling x4  
  39  3:56  Zergling x10  
  42  4:11  Zergling x4  
  43  4:19  Drone x2  
  43  4:21  Lair  
  43  4:35  Zergling x4  
  45  4:46  Zergling x10  
  45  4:50  Drone x2  
  48  5:21  Zergling x6  
  48  5:22  Zergling x2  
  49  5:36  Zergling x6  
  49  5:39  Zergling x2  
  49  5:40  Zergling x2  
  49  5:41  Zergling x2  
  49  5:42  Zergling x2  
  51  5:43  Zergling x2  
  49  5:50  Overlord  
  49  5:56  Centrifical Hooks  
  49  6:04  Spire  
  49  6:05  Drone x3  
  49  6:06  Extractor  
  50  6:22  Drone x4  
  50  6:23  Drone x4  
  52  6:44  Zergling x4  
  52  6:45  Zergling x4  
  48  7:08  Extractor, Drone  
  44  7:09  Drone x2  
  44  7:13  Extractor  
  44  7:14  Drone x3  
  49  7:19  Spore Crawler  
  49  7:22  Spore Crawler  
  47  7:27  Spore Crawler  
  47  7:28  Spore Crawler, Mutalisk x2  
  47  7:29  Spore Crawler, Mutalisk x2  
  52  7:46  Drone x6  
  52  7:47  Drone  
  59  8:02  Extractor  
  59  8:03  Hatchery  
  59  8:04  Mutalisk  
  59  8:07  Extractor, Overlord x3  
  58  8:15  Spore Crawler  
  57  8:34  Mutalisk x3  
  57  8:35  Mutalisk x3  
  69  8:51  Mutalisk x2  
  69  8:53  Zergling x8  
  77  9:01  Mutalisk  
  79  9:07  Mutalisk  
  81  9:11  Drone x3  
  81  9:13  Overlord x3  
  84  9:17  Queen  
  84  9:19  Mutalisk  
  84  9:20  Mutalisk  
  90  9:41  Mutalisk x3  
  90  9:44  Zergling x6  
  99  10:00  Drone x6  
  99  10:01  Drone  
  106  10:11  Mutalisk x2  
  106  10:13  Mutalisk  
  112  10:25  Drone x2  
  112  10:27  Overlord x2  
  114  10:37  Baneling x2  
  114  10:38  Baneling x6  
  114  10:39  Baneling x5  
  114  10:40  Baneling x2  
  114  10:47  Drone  
  114  10:48  Drone x3  
  118  10:52  Drone  
  118  10:53  Drone x2  
  114  11:13  Mutalisk x4  
  114  11:14  Mutalisk x3  
  128  11:37  Zergling x2  
  128  11:39  Overlord x3  
  129  11:59  Zergling x14  
  129  12:00  Zergling x6  
  139  12:23  Mutalisk x6  
  139  12:24  Mutalisk  
  153  12:48  Overlord  
  153  12:49  Overlord x4  
  153  12:57  Zerg Flyer Weapons Level 1  
  64  13:51  Mutalisk x7  
  64  13:52  Mutalisk x6  
  64  13:53  Mutalisk x5  
  100  14:07  Mutalisk x2  
  104  14:10  Mutalisk  
  106  14:26  Mutalisk x2  
  110  14:43  Mutalisk x2  
  114  14:51  Zerg Flyer Armor Level 1  
  114  15:00  Mutalisk  
  114  15:01  Mutalisk  
  114  15:02  Mutalisk  
  120  15:17  Mutalisk  
  120  15:18  Mutalisk  
  124  15:32  Mutalisk x2  
  128  15:38  Zergling x4  
  128  15:39  Zergling x10  
  128  15:40  Zergling x14  
  128  15:41  Zergling x2  
  143  15:50  Mutalisk x2  
  143  15:53  Mutalisk  
  149  16:02  Zergling x2  
  149  16:03  Zergling x4  
  152  16:12  Zergling x6  
  152  16:13  Zergling x12  
  80  16:52  Zergling x2  
  80  16:53  Zergling x12  
  80  16:54  Zergling x10  
  87  16:55  Zergling x6  
  87  17:00  Zergling x6  
  93  17:18  Zergling x4  
  93  17:19  Zergling x12  
  93  17:20  Zergling x2  
  102  17:28  Zergling x6  
  105  17:33  Zergling x2  
  105  17:34  Zergling x12  
  105  17:35  Zergling x4  
  114  17:39  Zergling x2  
  114  17:40  Zergling x2  
  116  17:47  Evolution Chamber  
  116  17:49  Evolution Chamber  
  116  17:51  Zergling x6  
  117  17:56  Zergling x2  
  118  18:02  Zergling x8  
  118  18:03  Zergling x14  
  129  18:10  Zergling x2  
  130  18:17  Zergling x6  
  112  18:47  Zergling x2  
  112  18:48  Zergling x12  
  115  18:49  Zergling x10  
  115  18:53  Baneling x2  
  115  18:54  Baneling x7  
  115  18:55  Baneling x5  
  122  18:56  Baneling x7  
  122  18:57  Baneling x6  
  122  18:58  Baneling  
  122  18:59  Zergling x6  
  125  19:04  Zergling x4  
Show
View Real Time Build Order
Export as new Build Order

Windex Zerg - Winner!

Build Orders: Hatch First 

Get SALT Encoding   

  12  0:02  Drone  
  13  0:14  Drone  
  14  0:30  Overlord  
  14  0:50  Drone  
  14  0:51  Drone  
  14  0:53  Drone  
  14  0:55  Hatchery  
  16  1:14  Spawning Pool  
  15  1:19  Drone x2  
  15  1:22  Extractor  
  15  1:25  Drone  
  17  1:49  Drone x2  
  19  1:56  Drone  
  20  2:03  Queen  
  20  2:07  Overlord  
  22  2:14  Zergling x2  
  23  2:18  Extractor, Zergling x2  
  23  2:23  Zergling x2  
  24  2:42  Metabolic Boost  
  24  2:44  Zergling x2  
  24  2:45  Zergling x6  
  24  2:48  Queen  
  24  2:49  Overlord  
  30  2:59  Zergling x2  
  31  3:10  Zergling x4  
  31  3:11  Zergling x2  
  34  3:17  Baneling Nest  
  33  3:24  Zergling x4  
  33  3:25  Zergling x6  
  37  3:41  Zergling x6  
  40  3:54  Zergling x4  
  40  3:55  Zergling x2  
  38  4:11  Zergling x2  
  38  4:12  Zergling x6  
  38  4:15  Baneling x5  
  40  4:20  Zergling x4  
  37  4:55  Zergling x8  
  37  4:56  Zergling x6  
  43  5:04  Overlord x4  
  42  5:13  Drone x4  
  36  5:45  Drone x6  
  36  5:46  Roach Warren  
  42  6:04  Drone x5  
  42  6:05  Drone x2  
  42  6:07  Baneling  
  42  6:08  Baneling x3  
  48  6:14  Spore Crawler  
  48  6:16  Spore Crawler  
  46  6:22  Baneling x3  
  46  6:23  Baneling x4  
  46  6:24  Baneling  
  46  6:29  Drone x3  
  45  6:50  Roach  
  45  6:51  Roach x6  
  53  7:03  Extractor  
  53  7:04  Extractor  
  53  7:05  Lair  
  51  7:09  Roach  
  53  7:27  Drone x3  
  53  7:28  Drone x8  
  64  7:40  Spore Crawler  
  64  7:42  Spore Crawler  
  62  7:51  Evolution Chamber  
  61  7:52  Evolution Chamber  
  60  8:04  Roach  
  60  8:05  Roach x3  
  68  8:07  Overlord  
  68  8:15  Overlord x2  
  68  8:18  Hatchery  
  67  8:21  Glial Reconstitution  
  67  8:22  Zerg Missile Weapons Level 1  
  67  8:28  Zerg Ground Armor Level 1  
  67  8:47  Hydralisk Den  
  66  8:57  Spore Crawler  
  66  8:58  Roach x3  
  66  8:59  Roach x3  
  77  9:06  Drone  
  77  9:07  Drone x3  
  81  9:24  Muscular Augments  
  81  9:25  Hydralisk  
  81  9:26  Hydralisk x2  
  87  9:32  Queen  
  89  9:39  Spore Crawler  
  89  9:42  Spore Crawler  
  89  9:45  Spore Crawler  
  86  9:50  Drone  
  86  9:51  Drone x3  
  90  10:04  Drone  
  90  10:05  Drone x6  
  97  10:16  Drone  
  97  10:20  Extractor  
  97  10:21  Extractor  
  96  10:29  Overseer  
  96  10:30  Overseer  
  96  10:36  Zerg Missile Weapons Level 2  
  96  10:37  Zerg Ground Armor Level 2  
  96  10:38  Lurker Den  
  96  10:42  Hydralisk  
  98  10:49  Overlord x4  
  98  11:02  Overseer  
  98  11:18  Roach x6  
  110  11:22  Hatchery  
  109  11:27  Ravager x4  
  109  11:28  Ravager x2  
  109  11:29  Ravager x3  
  118  11:33  Drone  
  118  11:34  Drone x3  
  122  11:41  Hydralisk  
  122  11:42  Hydralisk  
  126  11:58  Infestation Pit  
  125  12:02  Hydralisk x2  
  125  12:05  Overlord x3  
  125  12:06  Overlord  
  114  12:25  Hydralisk  
  114  12:26  Hydralisk x5  
  126  12:35  Drone  
  126  12:36  Drone  
  128  12:38  Queen  
  128  12:43  Hydralisk  
  132  12:44  Hydralisk x2  
  136  13:04  Drone x3  
  136  13:05  Drone x7  
  146  13:11  Hydralisk  
  146  13:12  Hydralisk  
  130  13:56  Hydralisk x4  
  130  13:57  Hydralisk x12  
  134  14:09  Spire  
  133  14:11  Hive  
  133  14:18  Hydralisk  
  133  14:19  Hydralisk x6  
  147  14:26  Spore Crawler  
  147  14:28  Spore Crawler  
  147  14:29  Spore Crawler  
  144  14:36  Hydralisk x4  
  144  14:37  Hydralisk  
  154  14:46  Extractor  
  154  14:51  Extractor  
  152  15:02  Drone x4  
  152  15:03  Drone  
  152  15:04  Drone  
  158  15:11  Hydralisk  
  158  15:12  Hydralisk x4  
  168  15:28  Overlord  
  168  15:29  Overlord x10  
  162  16:14  Hydralisk x2  
  162  16:15  Hydralisk x15  
  162  16:31  Corruptor x3  
  162  16:32  Corruptor  
  126  16:44  Corruptor x3  
  132  16:59  Zerg Flyer Weapons Level 1  
  132  17:03  Spire  
  131  17:14  Hatchery  
  130  17:26  Overseer  
  130  17:27  Overseer x2  
  130  17:28  Corruptor x5  
  140  17:56  Corruptor  
  140  17:57  Corruptor x3  
  148  18:10  Corruptor  
  148  18:11  Corruptor x3  
  156  18:24  Corruptor x3  
  162  18:38  Corruptor  
  162  18:39  Corruptor x3  
  170  18:58  Hydralisk x6  
  170  18:59  Hydralisk  
Tags
 
Add a new tag
Caveats
  • Supply blocks, unpowered buildings, or Contaminate may cause inaccurate times.
  • Supply counts are checked every 10 seconds.